 Dungeon Crawl Stone Soup version 0.26-a0-980-g0fe3eaa9ac (webtiles) character file.

Game seed: 10479252246388430960

4345 sahdkjhfkaj the Frost Mage (level 10, -2/74 HPs)
             Began as a Gnoll Ice Elementalist on Dec 5, 2020.
             Was an Initiate of Gozag.
             Slain by an orc warrior
             ... wielding a +0 halberd
              (18 damage)
             ... on level 8 of the Dungeon.
             The game lasted 00:15:45 (9943 turns).

sahdkjhfkaj the Frost Mage (Gnoll Ice Elementalist) Turns: 9943, Time: 00:15:46

Health: -2/74      AC:  5    Str: 12    XL:     10   Next: 34%
Magic:  13/20      EV: 15    Int: 20    God:    Gozag
Gold:   1235       SH:  6    Dex: 12    Spells: 11/23 levels left

rFire    . . .     SeeInvis .   a - +10 dagger of Hayhovea {elec, rElec rC+ MR+ Dex-3}
rCold    + + .     Faith    .   i - +1 buckler (curse)
rNeg     . . .     Spirit   .   x - +2 robe {rC+}
rPois    .         Reflect  .   (no helmet)
rElec    +         Harm     .   l - +0 cloak
rCorr    +         Rampage  .   (no gloves)
MR       +....                  (no boots)
Stlth    +++.......             (no amulet)
HPRegen  0.22/turn              s - ring of resist corrosion
MPRegen  0.17/turn              z - ring of wizardry

@: frozen ramparts
A: distributed training, fangs 1, strong nose
a: Potion Petition, Call Merchant, Bribe Branch, Renounce Religion


You were on level 8 of the Dungeon.
You worshipped Gozag.
Gozag was most pleased with you.
You visited 2 branches of the dungeon, and saw 9 of its levels.

You collected 1373 gold pieces.
You paid 138 gold pieces to Gozag.

Inventory:

Hand Weapons
 a - the +10 dagger of Hayhovea (weapon) {elec, rElec rC+ MR+ Dex-3}
   (You found it on level 5 of the Dungeon)

   Occasionally, upon striking a foe, it will discharge some electrical energy
   and cause terrible harm.
   It affects your dexterity (-3).
   It protects you from cold.
   It insulates you from electricity.
   It affects your resistance to hostile enchantments.
Armour
 i - a cursed +1 buckler (worn)
 l - a +0 cloak (worn)
 x - a +2 robe of cold resistance (worn)
Jewellery
 s - a ring of resist corrosion (left hand)
 z - a ring of wizardry (right hand)
 B - an uncursed ring of protection from fire {unknown}
Wands
 m - a wand of random effects (15)
Scrolls
 b - a scroll of fear
 e - a scroll of teleportation
 g - 2 scrolls of remove curse
 j - a scroll of magic mapping
 o - 2 scrolls of amnesia
 q - 2 scrolls of enchant weapon
 w - 2 scrolls of fog
 y - a scroll of immolation
 A - 2 scrolls of enchant armour
Potions
 c - a potion of haste {unknown}
 d - a potion of flight {unknown}
 f - 4 potions of heal wounds
 h - 4 potions of curing {unknown}
 k - a potion of invisibility {unknown}
 n - a potion of lignification {unknown}
 p - 2 potions of might {unknown}
 r - a potion of attraction {unknown}
 t - 2 potions of magic {unknown}
 u - a potion of berserk rage {unknown}


   Skills:
 + Level 5.2 Fighting
 + Level 5.2 Short Blades
 + Level 5.2 Long Blades
 + Level 5.2 Axes
 + Level 5.2 Maces & Flails
 + Level 5.2 Polearms
 + Level 5.2 Staves
 + Level 5.2 Slings
 + Level 5.2 Bows
 + Level 5.2 Crossbows
 + Level 5.2 Throwing
 + Level 5.2 Armour
 + Level 7.0 Dodging
 + Level 6.7 Stealth
 + Level 5.2 Shields
 + Level 5.2 Unarmed Combat
 + Level 7.3 Spellcasting
 + Level 4.2 Conjurations
 + Level 4.2 Hexes
 + Level 4.2 Summonings
 + Level 4.2 Necromancy
 + Level 4.2 Translocations
 + Level 4.2 Transmutations
 + Level 4.2 Fire Magic
 + Level 8.4 Ice Magic
 + Level 4.2 Air Magic
 + Level 4.2 Earth Magic
 + Level 4.2 Poison Magic
 + Level 5.7 Invocations
 + Level 5.2 Evocations


You had 11 spell levels left.
You knew the following spells:

 Your Spells              Type           Power        Failure   Level
a - Freeze                Ice            ####         1%          1
b - Frozen Ramparts       Ice            #####.       1%          3
c - Summon Ice Beast      Ice/Summ       ####....     2%          4
d - Hailstorm             Conj/Ice       ####....     2%          4

Your spell library contained the following spells:

 Spells                   Type           Power        Failure   Level
 Animate Skeleton         Necr           ###...       1%          1
 Apportation              Tloc           ###...       1%          1
 Corona                   Hex            ###....      1%          1
 Summon Small Mammal      Summ           ###.         1%          1
 Ozocubu's Armour         Ice            #####...     1%          3


Dungeon Overview and Level Annotations

Branches:
Dungeon (8/15)             Temple (1/1) D:4
   Lair: D:8-11

Altars:
Ashenzari
Cheibriados
Dithmenos
Elyvilon
Gozag
Kikubaaqudgha
Makhleb
Nemelex Xobeh
Qazlal
Sif Muna
Trog
Wu Jian
Xom
Yredelemnul
Zin
The Shining One

Shops:
D:5 *

Annotations:
D:8 1 transporter


Innate Abilities, Weirdness & Mutations

Your experience applies equally to all skills.
You have very sharp teeth.
Your uncanny sense of smell can sniff out nearby items.


Message History

An orc warrior is nearby!
As you read the scroll of teleportation, it crumbles to dust.
You feel strangely unstable. The orc warrior closely misses you.
Casting: Freeze (safe; 1% risk of failure)
Confirm with . or Enter, or press ? or * to list all spells.
Casting: Frozen Ramparts (safe; 1% risk of failure)
Press: ? - help, Dir - look around The walls around you are covered in ice.
The wall freezes the orc warrior.
You block the orc warrior's attack.
Unknown command.
Unknown command.
Casting: Frozen Ramparts (safe; 1% risk of failure)
Confirm with . or Enter, or press ? or * to list all spells.
A chill wind blows around you.
Your surroundings seem slightly different.
The wall freezes the orc warrior.
The orc warrior closely misses you.
The wall freezes the orc warrior.
The orc warrior hits you from afar with a +0 halberd!!
You die...
Your body crumbles into a pile of gold.

#....$.(...
###........;
#..........#
#..........#
###..........
##.##.........
#...#.$.....c#
#####.............
#@..o.###..#.$.>..
#Y.o..o#...#.....$
##.#............#.
#.##o...(...o..#.
#######......o.$.
#....(.....
##.#.......
#.##......
####......


You could see an orc warrior, 2 orc wizards, an orc and a friendly ice beast
(summoned).

Vanquished Creatures
  A moth of wrath (D:5)
  Eustachio (D:4)
  A water moccasin (D:7)
  A black bear (D:7)
  2 orc warriors
  A phantom (D:8)
  A necrophage (D:7)
  3 sky beasts
  6 ogres
  A wolf (D:8)
  3 centaurs
  2 bullfrogs
  3 scorpions
  4 killer bees (D:7)
  A centaur zombie (D:6)
  4 howler monkeys
  4 orc priests
  7 hounds
  9 orc wizards
  3 bullfrog skeletons
  2 jellies (D:6)
  A centaur skeleton (D:5)
  3 gnoll shamans
  4 iguanas
  8 worker ants
  A hound zombie (D:6)
  3 hound skeletons (D:6)
  14 gnolls
  5 adders
  2 shadow imps
  A white imp (D:7)
  2 ufetubi (D:5)
  2 oozes
  An adder zombie (D:6)
  3 adder skeletons (D:4)
  4 worms
  2 dart slugs
  2 leopard geckos
  30 orcs
  A ball python (D:2)
  4 giant cockroaches
  4 goblins
  5 hobgoblins
  13 jackals
  5 quokkas
  13 bats
  4 frilled lizards
  2 jackal zombies
  7 kobolds
  A leopard gecko zombie (D:2)
  12 rats
219 creatures vanquished.

Vanquished Creatures (collateral kills)
  A worker ant (D:7)
1 creature vanquished.

Vanquished Creatures (others)
  7 plants
7 creatures vanquished.

Grand Total: 227 creatures vanquished

Notes
Turn   | Place    | Note
-------+----------+-------------------------------------------
     0 | D:1      | sahdkjhfkaj the Gnoll Ice Elementalist began the quest for
                  | the Orb.
     0 | D:1      | Reached XP level 1. HP: 13/13 MP: 6/6
   158 | D:1      | Reached XP level 2. HP: 12/19 MP: 3/7
   710 | D:1      | Reached XP level 3. HP: 25/25 MP: 6/9
   714 | D:1      | Learned a level 3 spell: Frozen Ramparts
   754 | D:1      | Reached skill level 5 in Spellcasting
  1027 | D:1      | Reached skill level 1 in Invocations
  1060 | D:2      | Found a shadowy altar of Dithmenos.
  1084 | D:2      | Reached skill level 1 in Fighting
  1084 | D:2      | Reached skill level 1 in Short Blades
  1084 | D:2      | Reached skill level 1 in Long Blades
  1084 | D:2      | Reached skill level 1 in Axes
  1084 | D:2      | Reached skill level 1 in Maces & Flails
  1084 | D:2      | Reached skill level 1 in Polearms
  1084 | D:2      | Reached skill level 1 in Staves
  1084 | D:2      | Reached skill level 1 in Slings
  1084 | D:2      | Reached skill level 1 in Bows
  1084 | D:2      | Reached skill level 1 in Crossbows
  1084 | D:2      | Reached skill level 1 in Throwing
  1084 | D:2      | Reached skill level 1 in Armour
  1084 | D:2      | Reached skill level 1 in Shields
  1084 | D:2      | Reached skill level 1 in Unarmed Combat
  1084 | D:2      | Reached skill level 1 in Evocations
  1223 | D:2      | Reached XP level 4. HP: 32/32 MP: 11/11
  2007 | D:3      | Reached skill level 1 in Conjurations
  2007 | D:3      | Reached skill level 1 in Hexes
  2007 | D:3      | Reached skill level 1 in Summonings
  2007 | D:3      | Reached skill level 1 in Necromancy
  2007 | D:3      | Reached skill level 1 in Translocations
  2007 | D:3      | Reached skill level 1 in Transmutations
  2007 | D:3      | Reached skill level 1 in Fire Magic
  2007 | D:3      | Reached skill level 1 in Air Magic
  2007 | D:3      | Reached skill level 1 in Earth Magic
  2007 | D:3      | Reached skill level 1 in Poison Magic
  2011 | D:3      | Reached XP level 5. HP: 37/37 MP: 9/12
  2347 | D:3      | You fall into a shaft and drop 3 floors!
  2615 | D:6      | Reached XP level 6. HP: 26/44 MP: 9/13
  2774 | D:5      | Entered Level 5 of the Dungeon
  2799 | D:5      | Found an opulent altar of Gozag.
  2810 | D:5      | Became a worshipper of Gozag Ym Sagoz the Greedy
  2864 | D:5      | Reached skill level 5 in Dodging
  3128 | D:4      | Reached XP level 7. HP: 41/50 MP: 8/15
  3543 | D:4      | Noticed Eustachio
  3550 | D:4      | Learned a level 4 spell: Summon Ice Beast
  3578 | D:4      | Killed Eustachio
  3579 | D:4      | Reached skill level 5 in Stealth
  3853 | D:4      | Found a staircase to the Ecumenical Temple.
  3889 | Temple   | Entered the Ecumenical Temple
  4440 | D:4      | Found a snail-covered altar of Cheibriados.
  4793 | D:4      | Found a white marble altar of Elyvilon.
  4816 | D:4      | Reached XP level 8. HP: 57/57 MP: 12/16
  5320 | D:5      | Found Geagorgh's Assorted Antiques.
  5477 | D:5      | Noticed a moth of wrath
  5479 | D:5      | Found a bloodstained altar of Trog.
  5689 | D:5      | Learned a level 4 spell: Hailstorm
  5692 | D:5      | Killed a moth of wrath
  5909 | D:5      | Got a slimy dagger
  5909 | D:5      | Identified the +10 dagger of Hayhovea {elec, rElec rC+ MR+
                  | Dex-3} (You found it on level 5 of the Dungeon)
  6094 | D:5      | Reached XP level 9. HP: 65/65 MP: 18/18
  6151 | D:5      | Found a snail-covered altar of Cheibriados.
  6739 | D:6      | Reached skill level 8 in Ice Magic
  7162 | D:6      | Found a sparkling altar of Nemelex Xobeh.
  7499 | D:7      | Reached skill level 5 in Invocations
  8138 | D:7      | Reached XP level 10. HP: 73/73 MP: 17/20
  8537 | D:7      | Found a basalt altar of Yredelemnul.
  8576 | D:7      | Reached skill level 5 in Fighting
  8576 | D:7      | Reached skill level 5 in Short Blades
  8576 | D:7      | Reached skill level 5 in Long Blades
  8576 | D:7      | Reached skill level 5 in Axes
  8576 | D:7      | Reached skill level 5 in Maces & Flails
  8576 | D:7      | Reached skill level 5 in Polearms
  8576 | D:7      | Reached skill level 5 in Staves
  8576 | D:7      | Reached skill level 5 in Slings
  8576 | D:7      | Reached skill level 5 in Bows
  8576 | D:7      | Reached skill level 5 in Crossbows
  8576 | D:7      | Reached skill level 5 in Throwing
  8576 | D:7      | Reached skill level 5 in Armour
  8576 | D:7      | Reached skill level 5 in Shields
  8576 | D:7      | Reached skill level 5 in Unarmed Combat
  8576 | D:7      | Reached skill level 5 in Evocations
  8623 | D:8      | Found a transporter.
  9943 | D:8      | Slain by an orc warrior

Illustrated notes

Levels and vault maps discovered:
D:1:      co_arrival_square_in_a_square_in_a_square, layout_basic
D:2:      layout_rooms, nicolae_dithmenos_shadow_blocks
D:3:      layout_loops_ring, general_overflow_altar,
          gammafunk_temple_overflow_arena, uniq_crazy_yiuf_cottage
D:4:      layout_cave_pools, old_standard_altar, temple_pool_b,
          kennysheep_slug_shrine, uniq_eustachio
D:5:      layout_loops_ring, grunt_gozag_breadcrumbs, tgw_trog, kennysheep_mini,
          serial_shops, nicolae_shop_overgrown_old_shop
D:6:      layout_cave_pools, serial_glass, glass_columns_b, glass_columns_c,
          nemelex_dance_club_becter
D:7:      layout_loops_ring, lemuel_crystal_altar, serial_bayou_pond_c
D:8:      layout_cave_pools, erik_lair_island, gammafunk_ghost_arena,
          uniq_harold
Temple:   compressed_dpeg_triangle_lava_temple

Skill      XL: |  1  2  3  4  5  6  7  8  9 10 |
---------------+-------------------------------+-----
Spellcasting   | 5 6 7 |  7.3
Invocations    | 1 2 3 4 5 |  5.7
Fighting       | 1 2 3 4 5 |  5.2
Short Blades   | 1 2 3 4 5 |  5.2
Long Blades    | 1 2 3 4 5 |  5.2
Axes           | 1 2 3 4 5 |  5.2
Maces & Flails | 1 2 3 4 5 |  5.2
Polearms       | 1 2 3 4 5 |  5.2
Staves         | 1 2 3 4 5 |  5.2
Slings         | 1 2 3 4 5 |  5.2
Bows           | 1 2 3 4 5 |  5.2
Crossbows      | 1 2 3 4 5 |  5.2
Throwing       | 1 2 3 4 5 |  5.2
Armour         | 1 2 3 4 5 |  5.2
Shields        | 1 2 3 4 5 |  5.2
Unarmed Combat | 1 2 3 4 5 |  5.2
Evocations     | 1 2 3 4 5 |  5.2
Conjurations   | 1 2 3 4 |  4.2
Hexes          | 1 2 3 4 |  4.2
Summonings     | 1 2 3 4 |  4.2
Necromancy     | 1 2 3 4 |  4.2
Translocations | 1 2 3 4 |  4.2
Transmutations | 1 2 3 4 |  4.2
Fire Magic     | 1 2 3 4 |  4.2
Air Magic      | 1 2 3 4 |  4.2
Earth Magic    | 1 2 3 4 |  4.2
Poison Magic   | 1 2 3 4 |  4.2
Dodging        | 5 6 7 |  7.0
Stealth        | 5 6 |  6.7
Ice Magic      | 8 |  8.4

Action                   |  1- 3 |  4- 6 |  7- 9 | 10-12 || total
-------------------------+-------+-------+-------+-------++-------
Melee: Unarmed           |    18 |       |       |       ||    18
       Bite              |     4 |    18 |    24 |     2 ||    48
       Dagger            |    16 |   157 |   296 |    59 ||   528
       Punch             |       |     2 |     2 |       ||     4
 Cast: Freeze            |    47 |    26 |    37 |     2 ||   112
       Frozen Ramparts   |       |     9 |    20 |     9 ||    38
       Hailstorm         |       |       |    11 |     1 ||    12
       Summon Ice Beast  |       |       |     1 |     1 ||     2
  Use: Scroll            |     1 |       |     8 |     5 ||    14
 Stab: Sleeping          |     4 |     3 |     4 |     2 ||    13
       Distracted        |       |       |     1 |       ||     1
Armor: Robe              |     6 |    39 |    49 |    10 ||   104
Dodge: Dodged            |    61 |   148 |   221 |    57 ||   487
Block: Buckler           |       |       |    19 |    27 ||    46

Table legend: (Time is in decaauts)
 A = Elapsed time spent in this place.
 B = Non-inter-level travel time spent in this place.
 C = Inter-level travel time spent in this place.
 D = Time resting spent in this place.
 E = Time spent auto-exploring this place.
 F = Levels seen in this place.
 G = Mean time per level.
                   A        B        C        D        E       F      G
               +--------+--------+--------+--------+--------+-----+--------+
         Total |   9760 |   9459 |    301 |    296 |   7476 |   9 | 1084.4 |
       Dungeon |   9504 |   9218 |    286 |    296 |   7237 |   8 | 1188.0 |
        Temple |    255 |    240 |     15 |      0 |    239 |   1 |  255.0 |
               +--------+--------+--------+--------+--------+-----+--------+

Top non-repeatable levels by time:
     D:7: 2093 daAuts
     D:4: 1662 daAuts
     D:6: 1569 daAuts
     D:5: 1411 daAuts
     D:1: 1056 daAuts
     D:2: 848 daAuts
     D:8: 465 daAuts
     D:3: 397 daAuts
  Temple: 255 daAuts
